Map: Triton LE

Players

TLO - Winner!

  • Race: Zerg Zerg
  • Spawn Location: 11:00

Elazer

  • Race: Zerg Zerg
  • Spawn Location: 5:00

VOD

Have the link to the VOD?

Description

Time

  • Played on: Sept. 6, 2019, 4:59 p.m.
  • Length: 12:54
Show
View Real Time Build Order
Export as new Build Order

TLO Zerg - Winner!

Build Orders: Hatch First 

Get SALT Encoding   

  12  0:00  Drone  
  13  0:12  Overlord  
  13  0:16  Drone  
  14  0:30  Drone  
  14  0:31  Drone  
  16  0:48  Hatchery  
  15  0:51  Drone  
  15  0:54  Drone  
  17  1:08  Spawning Pool  
  17  1:10  Drone  
  17  1:14  Extractor  
  17  1:16  Drone  
  17  1:19  Drone  
  18  1:30  Drone  
  19  1:40  Overlord  
  19  1:55  Queen  
  19  1:56  Zergling x2  
  19  1:59  Drone, Queen  
  19  2:00  Drone  
  26  2:10  Drone  
  26  2:12  Drone  
  28  2:17  Metabolic Boost  
  28  2:21  Drone  
  29  2:23  Drone  
  30  2:37  Hatchery  
  30  2:40  Hatchery  
  30  2:42  Drone  
  30  2:45  Drone  
  30  2:51  Baneling Nest  
  30  2:54  Overlord  
  30  2:57  Drone  
  31  3:00  Zergling x2  
  31  3:04  Overlord  
  32  3:08  Zergling x2  
  32  3:10  Drone  
  32  3:12  Drone  
  35  3:13  Drone  
  35  3:16  Drone  
  35  3:18  Zergling x2  
  38  3:20  Drone  
  38  3:23  Drone  
  38  3:25  Drone  
  41  3:27  Drone  
  41  3:33  Drone  
  41  3:34  Evolution Chamber  
  42  3:35  Baneling x2  
  42  3:37  Drone  
  42  3:38  Drone  
  44  3:43  Drone  
  44  3:44  Drone  
  44  3:45  Baneling  
  44  3:47  Zergling x4  
  48  3:51  Drone  
  48  3:54  Queen  
  51  3:58  Drone  
  51  4:00  Zerg Missile Weapons Level 1  
  51  4:01  Drone  
  53  4:05  Overlord  
  53  4:06  Extractor  
  53  4:09  Drone x2  
  54  4:11  Drone x2  
  54  4:14  Overlord  
  55  4:18  Drone  
  55  4:19  Drone  
  55  4:21  Drone  
  58  4:24  Lair  
  58  4:31  Drone x2, Roach Warren  
  58  4:34  Drone  
  58  4:35  Drone  
  58  4:36  Drone  
  61  4:38  Extractor  
  61  4:39  Drone, Extractor x2  
  61  4:43  Zergling x2, Baneling x3  
  61  4:45  Zergling x2  
  61  4:46  Drone  
  61  4:47  Drone  
  61  4:48  Drone  
  61  4:51  Drone  
  61  4:52  Drone  
  66  4:55  Overlord  
  66  4:56  Drone  
  66  4:57  Zergling x2  
  68  5:06  Drone  
  69  5:07  Overlord  
  69  5:12  Drone x2  
  69  5:13  Overlord, Roach  
  69  5:14  Roach  
  72  5:17  Overlord  
  72  5:19  Roach  
  74  5:23  Glial Reconstitution  
  74  5:24  Evolution Chamber  
  74  5:26  Roach  
  74  5:27  Overseer  
  75  5:31  Roach  
  75  5:33  Nydus Network  
  75  5:34  Roach  
  76  5:36  Roach  
  76  5:40  Roach  
  76  5:41  Drone  
  76  5:42  Roach  
  83  5:43  Drone  
  83  5:44  Drone  
  83  5:47  Roach  
  83  5:49  Roach  
  91  5:50  Roach  
  91  5:54  Roach  
  91  5:55  Roach  
  95  5:59  Roach  
  95  6:00  Zerg Missile Weapons Level 2  
  95  6:04  Roach  
  96  6:05  Overseer  
  96  6:06  Roach x2  
  96  6:09  Nydus Canal  
  96  6:10  Roach  
  102  6:12  Roach  
  102  6:16  Overlord  
  104  6:23  Nydus Canal  
  104  6:26  Roach  
  104  6:29  Overlord  
  104  6:30  Overlord  
  106  6:35  Roach  
  106  6:36  Roach  
  106  6:37  Nydus Canal  
  106  6:38  Roach  
  106  6:39  Roach  
  110  6:41  Roach x2  
  110  6:42  Roach  
  110  6:46  Extractor  
  113  6:47  Roach  
  113  6:49  Drone x2  
  113  6:50  Drone  
  113  6:51  Drone  
  113  6:52  Nydus Canal  
  116  6:55  Drone  
  116  6:56  Drone x2  
  116  6:58  Roach x2  
  116  6:59  Roach  
  123  7:03  Roach  
  123  7:04  Drone x2  
  123  7:06  Nydus Canal  
  127  7:13  Zerg Ground Armor Level 1  
  127  7:14  Roach x3  
  123  7:16  Roach  
  123  7:17  Roach  
  123  7:25  Roach x2  
  123  7:27  Roach  
  123  7:29  Overlord x3  
  129  7:32  Ravager  
  130  7:39  Overlord  
  130  7:40  Nydus Canal, Overlord  
  130  7:43  Overlord  
  130  7:45  Overlord  
  130  7:47  Overlord x2  
  130  7:48  Pneumatized Carapace  
  130  7:50  Roach x3  
  136  7:55  Ravager x4  
  136  7:56  Roach x2  
  136  7:58  Roach  
  146  7:59  Roach  
  146  8:01  Roach  
  146  8:02  Roach  
  146  8:05  Roach  
  154  8:08  Roach x2  
  154  8:10  Roach  
  154  8:12  Roach  
  162  8:14  Overlord, Roach  
  162  8:16  Roach  
  162  8:18  Roach  
  168  8:24  Roach  
  168  8:25  Roach x2  
  174  8:28  Roach x2  
  174  8:29  Roach  
  174  8:30  Roach  
  174  8:31  Roach  
  174  8:33  Roach  
  186  8:36  Roach  
  186  8:37  Roach  
  186  8:39  Roach  
  192  8:44  Roach  
  192  8:47  Roach  
  196  8:49  Nydus Canal  
  196  8:51  Roach  
  196  8:52  Roach  
  200  9:09  Roach, Spine Crawler x2  
  200  9:14  Roach x2  
  200  9:15  Spine Crawler x2  
  197  9:19  Roach  
  196  9:34  Overseer  
  140  10:11  Overseer x2  
  133  10:26  Extractor  
  112  10:44  Extractor  
  112  10:48  Extractor  
  110  11:01  Extractor  
  104  11:17  Extractor  
  100  11:53  Extractor  
Show
View Real Time Build Order
Export as new Build Order

Elazer Zerg 

Build Orders: Hatch First, Roach Nydus 

Get SALT Encoding   

  12  0:00  Drone  
  13  0:12  Overlord  
  13  0:16  Drone  
  14  0:30  Drone x2  
  16  0:47  Hatchery  
  15  0:50  Drone  
  15  0:54  Drone  
  15  0:56  Drone  
  18  1:07  Extractor  
  17  1:12  Spawning Pool  
  17  1:15  Drone  
  18  1:18  Drone  
  18  1:28  Drone  
  19  1:39  Drone  
  20  1:49  Drone  
  21  1:58  Queen  
  21  1:59  Zergling x2, Queen  
  21  2:00  Overlord  
  26  2:08  Metabolic Boost  
  26  2:11  Drone x2  
  28  2:21  Drone  
  28  2:22  Drone  
  30  2:31  Drone  
  30  2:32  Drone  
  32  2:39  Hatchery  
  31  2:44  Drone x2  
  31  2:47  Baneling Nest  
  32  2:53  Overlord  
  32  2:54  Drone  
  33  3:03  Drone  
  33  3:04  Drone  
  35  3:10  Overlord  
  35  3:11  Drone  
  36  3:13  Drone x2  
  36  3:15  Zergling x4  
  36  3:19  Drone, Zergling x2  
  42  3:21  Queen  
  44  3:28  Zergling x2  
  44  3:30  Drone  
  46  3:38  Evolution Chamber  
  46  3:40  Drone x6  
  51  3:42  Drone  
  52  3:51  Overlord  
  52  3:52  Drone x2, Extractor  
  53  3:58  Lair  
  53  4:02  Extractor  
  52  4:05  Roach Warren, Zerg Missile Weapons Level 1  
  52  4:07  Drone x3  
  54  4:11  Drone x2  
  54  4:12  Drone  
  54  4:15  Drone x2  
  58  4:20  Overlord  
  58  4:24  Drone x2  
  60  4:25  Drone  
  60  4:29  Drone  
  60  4:30  Drone x2  
  64  4:34  Extractor  
  64  4:36  Overlord  
  63  4:39  Drone x2  
  63  4:40  Extractor  
  63  4:41  Drone  
  63  4:42  Overlord  
  65  4:46  Roach x2  
  65  4:49  Overlord  
  65  4:50  Roach x2  
  72  4:59  Roach x4  
  80  5:01  Glial Reconstitution  
  80  5:13  Roach  
  80  5:14  Roach x5  
  91  5:19  Overlord x2  
  91  5:25  Roach x2  
  91  5:28  Roach  
  97  5:32  Nydus Network  
  97  5:33  Overlord  
  96  5:41  Roach x4  
  103  5:48  Roach x4  
  111  5:55  Roach x3  
  116  5:59  Overlord  
  116  6:02  Roach x2  
  120  6:07  Overlord  
  120  6:14  Zerg Missile Weapons Level 2  
  120  6:15  Evolution Chamber, Drone  
  120  6:16  Drone x2  
  122  6:19  Drone x4  
  122  6:22  Drone x2, Overseer  
  128  6:27  Overlord  
  128  6:31  Overlord  
  128  6:32  Queen  
  120  6:41  Roach x2  
  123  6:51  Roach x4  
  131  6:55  Roach  
  131  7:05  Roach x6  
  143  7:15  Roach  
  145  7:22  Zerg Ground Armor Level 1  
  145  7:26  Extractor  
  145  7:27  Overlord, Drone x2  
  145  7:28  Overlord x2  
  146  7:37  Overseer  
  146  7:38  Pneumatized Carapace  
  146  7:42  Overlord  
  146  7:43  Hatchery  
  145  7:49  Drone x2  
  145  7:50  Roach  
  145  7:51  Roach x6  
  161  7:56  Roach x4  
  169  8:01  Ravager x4  
  169  8:02  Ravager  
  169  8:03  Tunneling Claws  
  169  8:05  Burrow  
  174  8:07  Drone x2  
  174  8:08  Roach  
  174  8:11  Overlord x2  
  178  8:13  Overlord  
  178  8:23  Overseer  
  178  8:27  Nydus Canal  
  178  8:38  Hydralisk Den  
  178  8:41  Nydus Canal  
  175  8:51  Nydus Canal  
  173  9:05  Nydus Canal  
  155  9:35  Hatchery, Roach x13  
  133  10:02  Hatchery  
  110  10:13  Roach x3  
  107  10:14  Roach Warren  
  77  10:50  Hydralisk x3  
  71  11:14  Hatchery  
  69  11:19  Drone x2  
  69  11:24  Roach x30  
  71  11:38  Hydralisk  
  71  11:39  Hydralisk  
  59  12:04  Hydralisk x2  
  49  12:28  Roach x14  
Tags
 
Add a new tag
Caveats
  • Supply blocks, unpowered buildings, or Contaminate may cause inaccurate times.
  • Supply counts are checked every 10 seconds.